 Dungeon Crawl Stone Soup version 0.22-a0-303-g4a852b3 (webtiles) character file.

54 Chaotic the Shield-Bearer (level 3, -2/33 HPs)
             Began as a Minotaur Fighter on Mar 27, 2018.
             Slain by an ice beast (9 damage)
             ... on level 2 of the Dungeon.
             The game lasted 00:00:57 (1932 turns).

Chaotic the Shield-Bearer (Minotaur Fighter)        Turns: 1932, Time: 00:00:58

Health: -2/33      AC:  7    Str: 21    XL:     3   Next: 66%
Magic:  2/2        EV:  7    Int:  5    God:
Gold:   96         SH:  9    Dex:  9    Spells: 2/2 levels left

rFire    . . .     SeeInvis .   a - +0 war axe
rCold    . . .     Gourm    .   c - +0 shield
rNeg     . . .     Faith    .   b - +0 scale mail
rPois    .         Spirit   .   (helmet restricted)
rElec    .         Reflect  .   (no cloak)
rCorr    .         Harm     .   (no gloves)
MR       .....                  (no boots)
Stlth    ..........             (no amulet)
HPRegen  0.11/turn              (no ring)
MPRegen  0.08/turn              (no ring)

@: no status effects
A: retaliatory headbutt, horns 2
a: no special abilities


You were on level 2 of the Dungeon.
You were not hungry.

You visited 1 branch of the dungeon, and saw 2 of its levels.

You collected 96 gold pieces.

Inventory:

Hand Weapons
 a - a +0 war axe (weapon)
Armour
 b - a +0 scale mail (worn)
 c - a +0 shield (worn)
Scrolls
 e - a scroll of fear {unknown}
 g - a scroll of immolation {unknown}
 i - 3 scrolls of identify {unknown}
 k - 2 scrolls of teleportation {unknown}
 o - a scroll of remove curse {unknown}
Potions
 d - a potion of might
 h - a potion of mutation {unknown}
 j - a potion of brilliance {unknown}
 l - a potion of curing {unknown}
 m - a potion of agility
 n - a potion of heal wounds {unknown}
Comestibles
 f - 4 rations
 p - a chunk of flesh


   Skills:
 + Level 4.2 Fighting
 + Level 3.2 Axes
 + Level 4.2 Armour
 + Level 4.2 Shields


You had 2 spell levels left.
You didn't know any spells.

Dungeon Overview and Level Annotations

Branches:
Dungeon (2/15)

Altars:
Kikubaaqudgha


Innate Abilities, Weirdness & Mutations

You reflexively headbutt those who attack you in melee.
You have a pair of horns on your head.


Message History

The ice beast is severely wounded.
The ice beast hits you. The ice beast freezes you.
You are too injured to fight recklessly!
You are too injured to fight recklessly!
You are too injured to fight recklessly!
Your scale mail prevents you from hitting the ice beast.
The ice beast is severely wounded.
The ice beast barely misses you.
The ice beast hits you but does no damage.
Your scale mail prevents you from hitting the ice beast.
Your headbutt misses the ice beast.
The ice beast is severely wounded.
The ice beast closely misses you. You furiously retaliate!
You headbutt the ice beast, but do no damage.
You barely miss the ice beast.
The ice beast is severely wounded.
You block the ice beast's attack. The ice beast hits you.
* * * LOW HITPOINT WARNING * * *
The ice beast freezes you!
You die...

##### #.##.####.##.### ###
#######.#............#
........#......####### ##
........#..##..###...## #.
........#..##..##.....###.
........#......#.......#..
........#...##....._..(#..
........###.####.......#..
........Y@.....##.....##..
.......####.######...##...
###.... #.##...#####....
#.... #.......##......
#.... ####.#....<..###
#.... #[#.#........ #####
#.#.#...#.###
#.#..........
#.####..#.##.


You could see an ice beast.

Vanquished Creatures
  Jessica (D:2)
  An adder (D:2)
  A giant cockroach (D:2)
  4 goblins (D:1)
  2 hobgoblins (D:1)
  4 kobolds (D:1)
  A quokka (D:2)
  2 bats (D:1)
  3 rats
19 creatures vanquished.

Notes
Turn   | Place    | Note
-------+----------+-------------------------------------------
     0 | D:1      | Chaotic the Minotaur Fighter began the quest for the Orb.
     0 | D:1      | Reached XP level 1. HP: 19/19 MP: 0/0
   412 | D:1      | Reached XP level 2. HP: 25/27 MP: 1/1
  1208 | D:2      | Reached XP level 3. HP: 15/33 MP: 2/2
  1830 | D:2      | Noticed Jessica
  1837 | D:2      | Killed Jessica
  1900 | D:2      | Found an ancient bone altar of Kikubaaqudgha.
  1913 | D:2      | Noticed an ice beast
  1932 | D:2      | Slain by an ice beast

Vault maps used:
D:1:      minmay_arrival_widening_spiral_narrow
D:2:      lemuel_round_altar, uniq_jessica

Skill      XL: |  1  2 |
---------------+-------+-----
Fighting       | 4 |  4.2
Axes           | 3 |  3.2
Armour         | 4 |  4.2
Shields        | 4 |  4.2

Action                   || total
-------------------------++-------
Melee: War axe           ||    60
       Headbutt          ||     8
  Eat: Chunk             ||     3
Armor: Scale mail        ||    25
Dodge: Dodged            ||    19
Block: Shield            ||    21

Table legend:
 A = Spawn XP
 B = Non-spawn XP
 C = Spawn XP percentage of total XP
 D = Spawn monster count
 E = Non-spawn monster count
 F = Spawn count percentage of total count
 G = Total turns spent on level
                    A         B        C        D         E        F      G
               +---------+---------+-------+---------+---------+-------+---------
         Total |       0 |      78 |   0.0 |       0 |      19 |   0.0 |  1932
               +---------+---------+-------+---------+---------+-------+---------
           D:1 |       0 |      22 |   0.0 |       0 |      14 |   0.0 |   962
           D:2 |       0 |      56 |   0.0 |       0 |       5 |   0.0 |   970
               +---------+---------+-------+---------+---------+-------+---------
